 Dungeon Crawl Stone Soup version 0.20-a0-1015-g2ec8a95 (webtiles) character file.

45 mopl the Sneak (level 3, -2/20 HPs)
             Began as a Deep Elf Assassin on Apr 15, 2017.
             Slain by a leopard gecko (5 damage)
             ... on level 3 of the Dungeon.
             The game lasted 00:03:12 (1960 turns).

mopl the Sneak (Deep Elf Assassin)                  Turns: 1960, Time: 00:03:13

Health: -2/20      AC:  2    Str:  8    XL:     3   Next: 42%
Magic:  1/1        EV: 12    Int: 20    God:
Gold:   111        SH:  0    Dex: 17    Spells: 2/2 levels left

rFire    + . .     SeeInvis +   a - +2 dagger (antimagic)
rCold    + . .     Gourm    .   (no shield)
rNeg     . . .     Faith    .   c - +0 robe
rPois    .         Spirit   .   (no helmet)
rElec    .         Reflect  .   u - scarf {rC+ rF+}
rCorr    .         Harm     .   (no gloves)
MR       .....                  (no boots)
Stlth    +++.......             (no amulet)
Regen    0.1/turn               o - +5 ring of intelligence
MPRegen  0.1/turn               x - ring of see invisible

@: no status effects
A: no striking features
a: no special abilities


You were on level 3 of the Dungeon.
You were not hungry.

You visited 1 branch of the dungeon, and saw 3 of its levels.

You collected 111 gold pieces.

Inventory:

Hand Weapons
 a - a +2 antimagic dagger (weapon)
 b - a +0 blowgun
 m - a +2 dagger
Missiles
 e - 4 poisoned needles
 f - 2 curare-tipped needles
Armour
 c - a +0 robe (worn)
 d - a +0 cloak
 u - a scarf of resistance (worn)
Jewellery
 o - a +5 ring of intelligence (left hand)
 x - a ring of see invisible (right hand)
Scrolls
 h - a scroll of teleportation {unknown}
 i - 3 scrolls of identify {unknown}
 j - 4 scrolls of magic mapping {unknown}
 k - a scroll of random uselessness {unknown}
 l - a scroll of amnesia {unknown}
 p - a scroll of fog {unknown}
 r - a scroll of fear {unknown}
 t - a scroll of remove curse {unknown}
 w - a scroll of recharging {unknown}
Potions
 q - a potion of might
 s - a potion of magic {unknown}
Comestibles
 g - a bread ration
 n - 2 chunks of flesh
 v - 3 fruits


   Skills:
 - Level 1.5 Fighting
 + Level 2.9 Short Blades
 + Level 2.4 Throwing
 - Level 1.2 Dodging
 + Level 5.5 Stealth


You had 2 spell levels left.
You didn't know any spells.

Dungeon Overview and Level Annotations

Branches:
Dungeon (3/15)

Altars:
Nemelex Xobeh


Message History

You shoot a poisoned needle.
The poisoned needle hits the leopard gecko.
The leopard gecko is poisoned.
The leopard gecko bites you.
* * * LOW HITPOINT WARNING * * *
The giant cockroach barely misses you. The leopard gecko closely misses you.
Unknown command.
Firing (i - inventory. (,) - cycle):
e - 5 poisoned needles (quivered)
Press: ? - help, Shift-Dir - straight line, f/p - leopard gecko
Aim: a leopard gecko (poisoned)
You shoot a poisoned needle.
The poisoned needle barely misses the leopard gecko.
You kill the giant cockroach!
The leopard gecko misses you.
Unknown command.
You feel magic leave you.
a - a +2 antimagic dagger (weapon)
You barely miss the leopard gecko.
The leopard gecko is moderately wounded.
The leopard gecko bites you.
You die...

#### #....
#...##
###.....#
###....♣...
#..@l(..!.(
#.<...###..
#...###
#####


You could see a leopard gecko.

Vanquished Creatures
  An adder (D:1)
  2 worms
  3 bats
  4 giant cockroaches
  A goblin (D:2)
  A hobgoblin (D:3)
  4 jackals (D:1)
  5 kobolds
  5 frilled lizards (D:1)
  4 rats
30 creatures vanquished.

Notes
Turn   | Place    | Note
-------+----------+-------------------------------------------
     0 | D:1      | mopl the Deep Elf Assassin began the quest for the Orb.
     0 | D:1      | Reached XP level 1. HP: 12/12 MP: 3/3
   200 | D:1      | Reached skill level 5 in Stealth
   251 | D:1      | Reached XP level 2. HP: 9/16 MP: 4/4
  1213 | D:1      | Reached XP level 3. HP: 2/20 MP: 1/5
  1689 | D:2      | Found a sparkling altar of Nemelex Xobeh.
  1960 | D:3      | Slain by a leopard gecko

Vault maps used:
D:1:      dpeg_arrival_radiant
D:2:      nicolae_overflow_crystal_walls
D:3:      first_bread, gup_sewer_entry_glass, grunt_ministairs_12,
          minmay_box_of_dots

Skill      XL: |  1 |
---------------+----+-----
Stealth        | 5 |  5.5
Fighting       | |  1.5
Short Blades   | |  2.9
Throwing       | |  2.4
Dodging        | |  1.2

Action                   || total
-------------------------++-------
Melee: Dagger            ||   101
 Fire: Blowgun           ||    14
  Use: Potion            ||     3
 Stab: Sleeping          ||     8
  Eat: Chunk             ||     3
Armor: Robe              ||    27
Dodge: Dodged            ||    70
